 Dungeon Crawl Stone Soup version 0.31-a0-229-g1fc7ce93e2 (webtiles) character file.

Game seed: 16863103567139402888

158 qw the Shooter (level 5, -2/45 HPs)
             Began as a Minotaur Hexslinger on July 6, 2023.
             Succumbed to an orc's poison
             ... on level 3 of the Dungeon.
             The game lasted 00:00:56 (1578 turns).

qw the Shooter (Minotaur Hexslinger)                Turns: 1578, Time: 00:00:56

Health: -2/45      AC: 10    Str: 13    XL:     5   Next: 16%
Magic:  5/5        EV: 11    Int: 10    God:
Gold:   220        SH:  0    Dex: 14    Spells: 5/6 levels left

rFire   . . .        Y - +1 sling
rCold   . . .        (no shield)
rNeg    . . .        j - +0 ring mail
rPois   .            (helmet restricted)
rElec   .            (no cloak)
rCorr   .            (no gloves)
SInv    .            e - +0 pair of boots
Will    .....        (no amulet)
Stlth   +            d - +4 ring of protection
HPRegen 0.27/turn    (no ring)
MPRegen 0.09/turn

%: no passive effects
@: lethally poisoned (-2 -> -10), about to teleport
A: horns 2, retaliatory headbutt
a: no special abilities


You were on level 3 of the Dungeon.
You visited 1 branch of the dungeon, and saw 3 of its levels.

You collected 220 gold pieces.


Innate Abilities, Weirdness & Mutations

You have a pair of horns on your head.
You reflexively headbutt those who attack you in melee.


   Skills:
 - Level 3.1 Fighting
 + Level 5.1 Ranged Weapons
 - Level 1.0 Armour
 - Level 2.1 Dodging
 - Level 1.0 Spellcasting
 - Level 2.0 Hexes


You had 5 spell levels left.
You knew the following spells:

 Your Spells              Type           Power      Damage    Failure   Level
a - Slow                  Hex            16%        N/A       32%         1

Your spell library contained the following spells:

 Spells                   Type           Power      Damage    Failure   Level
 Inner Flame              Hex/Fire       2%         N/A       82%         3
 Portal Projectile        Hex/Tloc       4%         N/A       82%         3
 Cause Fear               Hex            2%         N/A       97%         4

Inventory:

Hand Weapons
 Y - a +1 sling (weapon)
Armour
 e - a +0 pair of boots (worn)
 j - a +0 ring mail (worn)
Jewellery
 d - a +4 ring of protection (left hand)
 m - an amulet of reflection
Scrolls
 a - a scroll of teleportation
 b - a scroll of amnesia {unknown}
 h - a scroll of identify
Potions
 c - a potion of brilliance {unknown}
 f - a potion of might
 g - a potion of haste {unknown}
 i - a potion of cancellation {unknown}
 k - a potion of degeneration {unknown}
 l - a potion of invisibility {unknown}
 n - 2 potions of resistance {unknown}

Dungeon Overview and Level Annotations

Branches:
Dungeon (3/15)

Altars:
Qazlal

Shops:
D:1 *


Message History

The sling bullet closely misses the hound.
The orc hits you but does no damage. The orc barely misses you.
The hound bites you.
You shoot a sling bullet.
The sling bullet closely misses the orc.
The hound bites you but does no damage. The orc misses you.
The orc hits you but does no damage.
You are poisoned.
The hound bites you but does no damage.
You shoot a sling bullet. The sling bullet hits the orc!
You kill the orc!
You feel very sick. The hound bites you but does no damage.
The orc hits you with a +0 war axe of venom.
You are more poisoned.
The orc hits you with a +0 war axe. The hound misses you.
You shoot a sling bullet. The sling bullet hits the hound.
The hound is moderately wounded.
You feel very sick. The orc hits you with a +0 war axe.
The orc hits you with a +0 war axe of venom.
The hound closely misses you. The orc closely misses you.
The orc barely misses you. You furiously retaliate!
You headbutt the orc. The hound barely misses you. You furiously retaliate!
You headbutt the hound, but do no damage.
You shoot a sling bullet.
The sling bullet barely misses the hound.
You feel very sick. The hound bites you but does no damage.
The orc hits you with a +0 war axe of venom!
The orc closely misses you.
1577 ||| READING 2 scrolls of teleportation.
As you read the scroll of teleportation, it crumbles to dust.
You feel strangely unstable.
You feel sick. The hound barely misses you. You furiously retaliate!
You headbutt the hound. The hound bites you but does no damage.
The orc misses you. You furiously retaliate!
You headbutt the orc. The orc misses you.
You shoot a sling bullet. The sling bullet misses the hound.
You die...

#........................
###......................
#............#####.....
########........ ......
#................ ......
...###........... ......
... #......###.. ......
...###...h...... ......
.........@))..... ......
.._......oo...... .%....
................. ......
#...###.......... ....<.
#...#E#.......... ......
#...#######...... ......
#... ####.. ...... .. ..
...... ###...


You could see a hound and 2 orcs.

Vanquished Creatures
  2 orc wizards (D:3)
  2 adders (D:2)
  An adder skeleton (D:2)
  2 worms
  3 dart slugs
  10 orcs (D:3)
  2 endoplasms
  3 giant cockroaches
  3 hobgoblins (D:2)
  4 jackals (D:3)
  2 quokkas (D:1)
  4 ball pythons
  2 ball python zombies (D:2)
  2 bats
  2 frilled lizards (D:2)
  8 goblins
  8 kobolds
  A quokka skeleton (D:2)
  4 rats
65 creatures vanquished.

Notes
Turn   | Place    | Note
-------+----------+-------------------------------------------
     0 | D:1      | qw the Minotaur Hexslinger began the quest for the Orb.
     0 | D:1      | Reached XP level 1. HP: 16/16 MP: 1/1
     0 | D:1      | 0 ||| qw: Version: 0.3-a-46-gb1f654a
     0 | D:1      | 0 ||| qw: Game counter: 1275
     0 | D:1      | 0 ||| qw: Melee chars always use a shield: true
     0 | D:1      | 0 ||| qw: God list: Okawaru
     0 | D:1      | 0 ||| qw: Allow faded altars: false
     0 | D:1      | 0 ||| qw: Do Orc after clearing Dungeon:15 true
     0 | D:1      | 0 ||| qw: Do second Lair branch before Depths: true
     0 | D:1      | 0 ||| qw: Lair rune preference: random
     0 | D:1      | 0 ||| qw: Goals: Normal
     0 | D:1      | 0 ||| PLANNING D:1-11
   103 | D:1      | Reached skill level 3 in Ranged Weapons
   103 | D:1      | Reached XP level 2. HP: 22/23 MP: 2/2
   193 | D:1      | Found Xemnoboh's Assorted Antiques.
   196 | D:1      | 196 ||| SHOPLISTING 2 scrolls labelled GISUKHL GOXTULU (66
                  | gold, have 11).
   196 | D:1      | 196 ||| SHOPLISTING 3 scrolls labelled GISUKHL GOXTULU (99
                  | gold, have 11).
   196 | D:1      | 196 ||| SHOPLISTING golden potion (29 gold, have 11).
   196 | D:1      | 196 ||| SHOPLISTING scratched pearl ring (165 gold, have
                  | 11).
   196 | D:1      | 196 ||| SHOPLISTING steaming arbalest (313 gold, have 11).
   548 | D:1      | 548 ||| UPGRADING to +0 pair of boots.
   553 | D:1      | 553 ||| UPGRADING to +0 ring mail.
   563 | D:1      | 563 ||| DROPPING +0 robe.
   564 | D:1      | 564 ||| READING 2 scrolls labelled CAGGEUMPUCW.
   567 | D:1      | 567 ||| READING 2 scrolls labelled JEIDOA HIBYLE.
   568 | D:1      | 568 ||| DROPPING scroll of poison.
   626 | D:2      | Reached XP level 3. HP: 25/29 MP: 3/3
   679 | D:2      | Reached skill level 4 in Ranged Weapons
   735 | D:2      | Reached skill level 1 in Armour
   781 | D:2      | Found a faded altar of an unknown god.
  1075 | D:2      | 1075 ||| UPGRADING to +4 ring of protection.
  1076 | D:2      | 1076 ||| READING scroll labelled XUBBAE KORUBE.
  1077 | D:2      | 1077 ||| READING scroll labelled ORUICA JETEEPH.
  1078 | D:2      | 1078 ||| READING 2 scrolls of identify.
  1078 | D:2      | 1078 ||| IDENTIFYING golden potion
  1138 | D:3      | Reached XP level 4. HP: 32/36 MP: 4/4
  1139 | D:3      | 1139 ||| FLEEEEING.
  1186 | D:3      | Identified the +6 short sword of the Quiescent God {venom,
                  | rN+ Will+ Stlth-}
  1328 | D:3      | 1328 ||| FLEEEEING.
  1329 | D:3      | 1329 ||| FLEEEEING.
  1330 | D:3      | 1330 ||| FLEEEEING.
  1331 | D:3      | 1331 ||| FLEEEEING.
  1353 | D:3      | 1353 ||| FLEEEEING.
  1354 | D:3      | 1354 ||| FLEEEEING.
  1355 | D:3      | 1355 ||| FLEEEEING.
  1356 | D:3      | 1356 ||| FLEEEEING.
  1357 | D:3      | 1357 ||| FLEEEEING.
  1358 | D:3      | 1358 ||| FLEEEEING.
  1372 | D:3      | Reached skill level 5 in Ranged Weapons
  1554 | D:3      | Noticed an earth elemental
  1556 | D:3      | Found a stormy altar of Qazlal.
  1571 | D:3      | Reached skill level 3 in Fighting
  1571 | D:3      | Reached XP level 5. HP: 45/45 MP: 5/5
  1576 | D:3      | HP: 9/45 [poisoned by an orc]
  1576 | D:3      | HP: 2/45 [orc/+0 war axe of venom (7)]
  1577 | D:3      | 1577 ||| READING 2 scrolls of teleportation.
  1578 | D:3      | Succumbed to an orc's poison

Levels and vault maps discovered:
D:1:      noname_arrival_rooms_in_the_neighbourhood, layout_basic, serial_shops,
          shop, hex_medium
D:2:      layout_rooms, serial_undead, serial_undead_d, serial_undead_e,
          serial_undead_b, serial_undead_c, serial_undead_c, serial_undead_a,
          shapermc_ecumenical_altar_petra, grunt_ministairs_8,
          minmay_crystal_water
D:3:      layout_basic, nicolae_qazlal_style_of_elements

Skill      XL: |  1  2  3  4 |
---------------+-------------+-----
Ranged Weapons | 3 4 5 |  5.1
Fighting       | 2 3 |  3.1
Armour         | 1 |  1.0
Dodging        | |  2.1
Spellcasting   | |  1.0
Hexes          | |  2.0

Action                     |  1- 3 |  4- 6 || total
---------------------------+-------+-------++-------
   Fire: Sling             |   121 |    98 ||   219
    Use: Scroll            |     5 |     1 ||     6
 Armour: Ring mail         |    18 |    36 ||    54
  Dodge: Dodged            |    24 |    47 ||    71

Table legend:
 A = Non-vault XP
 B = Vault XP
 C = Vault XP percentage of total XP
 D = Non-vault monster count
 E = Vault monster count
 F = Vault count percentage of total count
                 A         B        C        D         E       F
            +---------+---------+-------+---------+---------+-------
      Total |     216 |      11 |   4.8 |      59 |       6 |   9.2
            +---------+---------+-------+---------+---------+-------
        D:1 |      23 |       0 |   0.0 |      14 |       0 |   0.0
        D:2 |      54 |      11 |  16.9 |      16 |       6 |  27.3
        D:3 |     139 |       0 |   0.0 |      29 |       0 |   0.0
            +---------+---------+-------+---------+---------+-------
